 Dungeon Crawl Stone Soup version 0.21-a0-283-g622b906 (webtiles) character file.

422 nono the Charmwright (level 6, -1/48 HPs)
             Began as a Gnoll Skald on Sept 24, 2017.
             Killed by nerve-wracking pain
             ... invoked by Menkaure
              (11 damage)
             ... on level 4 of the Dungeon.
             The game lasted 00:16:39 (4117 turns).

nono the Charmwright (Gnoll Skald)                  Turns: 4117, Time: 00:16:40

Health: -1/48      AC:  5    Str:  7    XL:     6   Next: 95%
Magic:  10/10      EV: 17    Int:  7    God:
Gold:   147        SH:  0    Dex:  7    Spells: 2/11 levels left

rFire    . . .     SeeInvis .   e - +0 short sword (venom)
rCold    . . .     Gourm    .   (no shield)
rNeg     . . .     Faith    .   b - +0 leather armour
rPois    .         Spirit   .   v - +0 helmet
rElec    .         Reflect  .   (no cloak)
rCorr    .         Harm     .   (no gloves)
MR       .....                  i - +0 pair of boots
Stlth    ++........             (no amulet)
HPRegen  0.16/turn              (no ring)
MPRegen  0.12/turn              (no ring)

@: agile
A: unchanging attributes, fangs 1, strong nose
a: no special abilities


You were on level 4 of the Dungeon.
You were very hungry.

You visited 1 branch of the dungeon, and saw 4 of its levels.

You collected 171 gold pieces.
You spent 24 gold pieces at shops.

Inventory:

Hand Weapons
 a - a +0 falchion
 e - a +0 short sword of venom (weapon)
 l - a +1 dagger of protection
 A - a cursed -3 blowgun
Missiles
 n - 5 tomahawks of returning (quivered)
 B - 18 poisoned needles
Armour
 b - a +0 leather armour (worn)
 g - a +0 chain mail
 i - a +0 pair of boots (worn)
 v - a +0 helmet (worn)
 y - a +0 scale mail
Wands
 p - a wand of random effects (7/48)
 D - a wand of scattershot (0/9)
 F - a wand of digging (18/24)
Scrolls
 k - 2 scrolls of teleportation
 m - a scroll of fear {unknown}
 t - a scroll of remove curse
 x - a scroll of noise {unknown}
Potions
 f - 2 potions of flight {unknown}
 h - a potion of heal wounds {unknown}
 j - a potion of degeneration {unknown}
 r - a potion of might {unknown}
 s - 2 potions of magic {unknown}
 u - a potion of lignification {unknown}
 C - a potion of brilliance {unknown}
Books
 c - a book of Battle

   Spells                             Type                      Level
   a - Infusion                       Charms                       1
   b - Shroud of Golubria             Charms/Translocation         2
   c - Song of Slaying                Charms                       2
   d - Spectral Weapon                Hexes/Charms                 3
   e - Regeneration                   Charms/Necromancy            3
Comestibles
 d - 7 bread rations
 o - 2 royal jellies
 w - a meat ration
 E - 2 fruits


   Skills:
 - Level 4.0 Fighting
 - Level 2.0(2.9) Short Blades
 - Level 3.2(3.5) Long Blades
 - Level 1.3 Armour
 - Level 4.0 Dodging
 - Level 3.0 Spellcasting
 - Level 5.1 Hexes
 - Level 5.9 Charms
 + Level 2.1 Necromancy


You had 2 spell levels left.
You knew the following spells:

 Your Spells              Type           Power        Failure   Level  Hunger
a - Infusion              Chrm           #...         4%          1    ##.....
b - Song of Slaying       Chrm           #.......     6%          2    ###....
c - Spectral Weapon       Hex/Chrm       #.......     16%         3    ####...
d - Regeneration          Chrm/Necr      #.........   28%         3    ####...


Dungeon Overview and Level Annotations

Branches:
Dungeon (4/15)
 Temple: D:4-7

Altars:
Okawaru
Xom

Shops:
D:4 *

Annotations:
D:4 Menkaure


Innate Abilities, Weirdness & Mutations

Your physical attributes are unchanging.
You have very sharp teeth.
Your uncanny sense of smell can sniff out nearby items.


Message History

Aim: Menkaure (lightly damaged, fast)
The mass of ice explodes!
The iceblast engulfs Menkaure.
Menkaure partially resists.
Menkaure is heavily damaged.
The iceblast engulfs you!
Evoking this partially-identified wand wasted a few charges.
Menkaure completely misses you. x2
Evoke which item? (* to show all) (? for menu, Esc to quit)
Aiming: Random Effects (will waste charges)
Press: ? - help, Shift-Dir - straight line, f/p - Menkaure
Aim: Menkaure (heavily damaged, fast)
The fireball explodes!
The fireball engulfs Menkaure.
Menkaure is burned terribly!
Menkaure is almost destroyed.
The fireball engulfs you!
* * * LOW HITPOINT WARNING * * *
Evoking this partially-identified wand wasted a few charges.
Menkaure points at you and mumbles some strange words.
Pain shoots through your body!
You die...

.######.##..# ##.## #..##.######.
.......#.######...######.#.......
.############.##.##.############.
.# #.#.#..#.......#..#.#.# #. .#
####.#....#..8..#....#.#### #. .#
#.#.....#..#...#..#.....#.# #[
.####......)#...8...#.......####.
.#.#.....###.##...##.###.....#.#.
.##....####.#.##@##.#.####....##.
.###############M###### #######.
.....................# ##
.####....##..........# .#
#..#.##..........# .#
#................# .#
#.#...#..#.......#####
.####.#....#..#...........
...##.##....#.............


You could see Menkaure.

Vanquished Creatures
  Edmund (D:4)
  An ogre (D:4)
  A hound (D:4)
  Jessica (D:3)
  A worker ant (D:3)
  Robin (D:4)
  6 adders
  4 worms
  2 dart slugs
  4 leopard geckos
  An orc (D:4)
  6 giant cockroaches
  11 hobgoblins
  2 jackals (D:4)
  A quokka (D:2)
  5 bats
  9 frilled lizards
  11 goblins
  A jackal skeleton (D:4)
  5 kobolds
  8 rats
82 creatures vanquished.

Notes
Turn   | Place    | Note
-------+----------+-------------------------------------------
     0 | D:1      | nono the Gnoll Skald began the quest for the Orb.
     0 | D:1      | Reached XP level 1. HP: 17/17 MP: 4/4
   354 | D:1      | Reached XP level 2. HP: 20/24 MP: 6/6
   772 | D:1      | Learned a level 2 spell: Song of Slaying
  1120 | D:2      | Reached XP level 3. HP: 22/30 MP: 4/7
  1337 | D:2      | Reached skill level 1 in Short Blades
  1467 | D:2      | Found a shimmering altar of Xom.
  1480 | D:2      | Reached XP level 4. HP: 31/37 MP: 8/8
  2053 | D:3      | Learned a level 3 spell: Spectral Weapon
  2080 | D:3      | Noticed Jessica
  2100 | D:3      | Killed Jessica
  2126 | D:3      | Reached XP level 5. HP: 37/42 MP: 6/9
  2468 | D:4      | Noticed Robin
  2791 | D:4      | Killed Robin
  2856 | D:4      | Found an iron altar of Okawaru.
  2986 | D:4      | Noticed Edmund
  3014 | D:4      | Killed Edmund
  3014 | D:4      | Reached skill level 5 in Charms
  3014 | D:4      | Reached XP level 6. HP: 7/48 MP: 5/10
  3344 | D:4      | Reached skill level 5 in Hexes
  3353 | D:4      | Learned a level 3 spell: Regeneration
  3470 | D:4      | Reached skill level 1 in Necromancy
  3622 | D:4      | Found Pibiur's General Store.
  3625 | D:4      | Bought a scroll of identify for 24 gold pieces
  3686 | D:4      | Noticed Menkaure
  4117 | D:4      | Killed from afar by Menkaure

Vault maps used:
D:1:      minmay_arrival_four_circles, minivault_11
D:2:      xom_butterflies
D:3:      amethyst_overflow_temple_binary, first_bread, uniq_jessica
D:4:      wad_crossroads, kennysheep_mini, serial_shops,
          nicolae_shop_behind_doors, minmay_misc_feat_diagonals, uniq_robin,
          uniq_menkaure, uniq_edmund

Skill      XL: |  1  2  3  4  5  6 |
---------------+-------------------+-----
Fighting       | 3 4 |  4.0
Dodging        | 3 4 |  4.0
Short Blades   | 1 2 |  2.0
Long Blades    | 3 |  3.2
Hexes          | 3 4 5 |  5.1
Charms         | 5 |  5.9
Necromancy     | 2 |  2.1
Armour         | |  1.3
Spellcasting   | |  3.0

Action                   |  1- 3 |  4- 6 || total
-------------------------+-------+-------++-------
Melee: Short sword       |   102 |   184 ||   286
       Falchion          |    12 |       ||    12
       Bite              |     6 |     4 ||    10
 Cast: Infusion          |     7 |     6 ||    13
       Song of Slaying   |     2 |     3 ||     5
       Spectral Weapon   |       |     4 ||     4
Evoke: Wand              |       |     5 ||     5
  Use: Scroll            |       |     4 ||     4
       Potion            |       |     1 ||     1
  Eat: Chunk             |     2 |     7 ||     9
       Fruit             |       |     2 ||     2
Armor: Leather armour    |    28 |    67 ||    95
Dodge: Dodged            |    65 |   108 ||   173
       Rpst.: Falchion   |     3 |       ||     3

Table legend:
 A = Spawn XP
 B = Non-spawn XP
 C = Spawn XP percentage of total XP
 D = Spawn monster count
 E = Non-spawn monster count
 F = Spawn count percentage of total count
 G = Total turns spent on level
                    A         B        C        D         E        F      G
               +---------+---------+-------+---------+---------+-------+---------
         Total |       0 |     604 |   0.0 |       0 |      82 |   0.0 |  4117
               +---------+---------+-------+---------+---------+-------+---------
           D:1 |       0 |      10 |   0.0 |       0 |       8 |   0.0 |   982
           D:2 |       0 |      80 |   0.0 |       0 |      26 |   0.0 |   859
           D:3 |       0 |     129 |   0.0 |       0 |      19 |   0.0 |  1305
           D:4 |       0 |     385 |   0.0 |       0 |      29 |   0.0 |   971
               +---------+---------+-------+---------+---------+-------+---------
